 Dungeon Crawl Stone Soup version 0.17-a0-977-g4154171 (webtiles) character file.

16 RobertPalmer the Changer (level 2, 0/18 HPs)
             Began as an Octopode Transmuter on May 10, 2015.
             Slain by Terence
             ... wielding a +0 mace
              (5 damage)
             ... on level 2 of the Dungeon.
             The game lasted 00:01:24 (813 turns).

RobertPalmer the Changer (Octopode Transmuter)       Turns: 813, Time: 00:01:24

Health: 0/18       AC:  1    Str:  9    XL:     2   Next: 58%
Magic:  4/5        EV: 12    Int: 15    God:
Gold:   70         SH:  0    Dex: 12    Spells: 1 memorised, 4 levels left

rFire  . . .     SeeInvis .       - Unarmed
rCold  . . .     Clarity  .     (no shield)
rNeg   . . .     SustAb   .     (helmet restricted)
rPois  .         Gourm    .     (no amulet)
rElec  .         Spirit   .     (no ring)
rCorr  .         Warding  .     (no ring)
rMut   .         Stasis   .     (no ring)
MR     .....                    (no ring)
Stlth  ++........               (no ring)
                                (no ring)
                                (no ring)
                                (no ring)

@: appendage, not resistant to hostile enchantments, unstealthy
A: almost no armour, amphibious, 8 rings, constrict 8, tentacle spike 3,
camouflage 1, gelatinous body 1
a: End Transformation


You were on level 2 of the Dungeon.
You were not hungry.
One of your tentacles had a temporary spike.
You visited 1 branch of the dungeon, and saw 2 of its levels.

You collected 70 gold pieces.

Inventory:

Missiles
 a - 12 arrows
Scrolls
 d - a scroll of remove curse {unknown}
 e - a scroll of enchant armour {unknown}
 f - a scroll of enchant weapon {unknown}
 i - a scroll of blinking {unknown}
 j - 2 scrolls of identify {unknown}
 l - a scroll of fog {unknown}
Potions
 g - a potion of ambrosia {unknown}
 h - 4 potions of heal wounds {unknown}
 k - a potion of brilliance {unknown}
Books
 b - a book of Changes
Comestibles
 c - a bread ration {@e1}


   Skills:
 - Level 1.0 Fighting
 - Level 2.0 Dodging
 - Level 3.0 Unarmed Combat
 - Level 2.0 Spellcasting
 + Level 3.1 Transmutations


You had 4 spell levels left.
You knew the following spells:

 Your Spells              Type           Power        Failure   Level  Hunger
a - Beastly Appendage     Trmt           ##....       8%          1    #......


Dungeon Overview and Level Annotations

Branches:
Dungeon (2/15)

Altars:

Annotations:
D:2 Terence


Innate Abilities, Weirdness & Mutations

You cannot wear most types of armour.
You are amphibious.
You can wear up to eight rings at the same time.
You can use your tentacles to constrict eight enemies at once.
Your skin changes colour to match your surroundings (Stealth).
Your rubbery body absorbs attacks (AC +1).
One of your tentacles bears a large vicious spike.


Message History

There is an open door here.
You open the door.
There is an open door here.
You see here a scale mail.
There is a stone staircase leading down here.
You see here a large shield.
Found a stone staircase leading down.
There is a stone staircase leading down here.
All of the chunks of flesh in your inventory have rotted away.
A rat comes into view.
A rat is nearby!
A rat is nearby!
A rat is nearby!
You tentacle-slap the rat.
You kill the rat!
No target in view!
No target in view!
You see here a rat corpse.
You see here a shiny centaur barding.
There is a large open door here.
You open the door.
There is an open door here.
j - 2 scrolls labeled LUFIUKHL NUYS (gained 1) Done exploring.
Done exploring.
Done exploring.
Done exploring.
Done exploring.
(D) Dungeon
Where to? (? - help)
There is an open door here.
There is a large open door here.
A hobgoblin comes into view. It is wielding a club.
The hobgoblin hits you with a club.
You take 1 damage, and have 17/18 hp.
You tentacle-slap the hobgoblin. Your grab misses the hobgoblin.
The hobgoblin misses you.
You closely miss the hobgoblin. Your grab misses the hobgoblin.
You squeeze the hobgoblin. You tentacle-slap the hobgoblin.
You kill the hobgoblin!
No target in view!
No target in view!
Things that are here:
a club; a hobgoblin corpse Done exploring.
Done exploring.
Done exploring.
You can't go down here!
Unknown command.
(D) Dungeon
Where to? (Enter - D:2, ? - help)
There is a stone staircase leading down here.
You climb downwards.
There is a stone staircase leading up here.
Health restored: 18 You now have 70 gold pieces (gained 9).
A hobgoblin comes into view. It is wielding a club.
A hobgoblin is nearby!
A hobgoblin is nearby!
A hobgoblin is nearby!
One of your tentacles grows a vicious spike.
You now have 4/5 mp.
You tentacle-slap the hobgoblin. You grab the hobgoblin.
You pierce the hobgoblin.
You kill the hobgoblin!
No target in view!
No target in view!
Your transformation is almost over.
Terence the Incautious comes into view.
He is wielding a mace.
MP restored: 5 Terence shouts!
Terence hits you with a mace.
You take 5 damage, and have 13/18 hp.
MASSIVE DAMAGE!!
You tentacle-slap Terence. You grab Terence.
You pierce Terence, but do no damage.
You constrict Terence, but do no damage.
You tentacle-slap Terence but do no damage.
You squeeze Terence. You constrict Terence. Terence hits you with a mace!
* * * LOW HITPOINT WARNING * * *
You take 8 damage, and have 5/18 hp.
MASSIVE DAMAGE!!
You release your grip on Terence.
Terence looks scornfully at you.
Your tentacle spike disappears.
One of your tentacles grows a vicious spike.
Terence completely misses you.
You now have 4/5 mp.
Unknown command.
You barely miss Terence. You grab Terence.
You pierce Terence, but do no damage.
You constrict Terence, but do no damage.
Terence misses you.
You barely miss Terence. You squeeze Terence.
You constrict Terence, but do no damage.
You tentacle-slap Terence.
You pierce Terence, but do no damage.
You constrict Terence, but do no damage.
Terence hits you with a mace.
You die...

###### ###
#....#### #<#
#.#)....# #.#
#.#####.####.#
#.........@@.#
#####.########
#.........#
#.#.#####.#
#.#....# #
#..#.# #..# #
#... #....


You could see Terence.

Vanquished Creatures
  A bat (D:1)
  A giant cockroach (D:1)
  3 goblins (D:1)
  6 hobgoblins
  A giant newt (D:1)
  A kobold (D:1)
  A rat (D:1)
14 creatures vanquished.

Notes
Turn   | Place    | Note
--------------------------------------------------------------
     0 | D:1      | RobertPalmer, the Octopode Transmuter, began the quest for the Orb.
     0 | D:1      | Reached XP level 1. HP: 13/13 MP: 3/3
   253 | D:1      | Reached XP level 2. HP: 13/18 MP: 5/5
   458 | D:1      | Reached skill level 3 in Transmutations
   796 | D:2      | Noticed Terence
   813 | D:2      | Slain by Terence

Vault maps used:
D:1:      denvon_arrival_waterhouse
D:2:      minmay_misc_feat_tiny, uniq_terence, uniq_sigmund

Action                   || total
-------------------------++-------
Melee: Unarmed           ||    37
 Cast: Beastly Appendage ||     2
 Stab: Sleeping          ||     3

Vault maps used:
D:1:      denvon_arrival_waterhouse
D:2:      minmay_misc_feat_tiny, uniq_terence, uniq_sigmund

Table legend:
 A = Turns spent in this place as a percentage of turns spent in the entire game.
 B = Non-inter-level travel turns spent in this place as a percentage of non-inter-level travel turns spent in the entire game.
 C = Inter-level travel turns spent in this place as a percentage of turns spent in this place.
 D = Turns resting spent in this place as a percentage of non-inter-level travel turns spent in this place.
 E = Turns spent auto-exploring this place as a percentage of non-inter-level travel turns spent in this place.
 F = Non-inter-level travel turns spent in this place divided by the number of levels of this place that you've seen.
                   A       B       C       D       E      F
               +-------+-------+-------+-------+-------+----------------------
         Total | 100.0 | 100.0 |   1.0 |   2.0 |  19.3 |  98.5
       Dungeon | 100.0 | 100.0 |   1.0 |   2.0 |  19.3 |  98.5
               +-------+-------+-------+-------+-------+----------------------

Table legend:
 A = Kills in this place as a percentage of kills in entire the game.
 B = Kills by you in this place as a percentage of kills by you in the entire game.
 C = Kills by friends in this place as a percentage of kills by friends in the entire game.
 D = Other kills in this place as a percentage of other kills in the entire game.
 E = Experience gained in this place as a percentage of experience gained in the entire game.
 F = Experience gained in this place divided by the number of levels of this place that you have seen.
                   A       B       C       D       E      F
               +-------+-------+-------+-------+-------+----------------------
         Total | 100.0 | 100.0 |  -nan |  -nan | 100.0 |  12.0
       Dungeon | 100.0 | 100.0 |  -nan |  -nan | 100.0 |  12.0
               +-------+-------+-------+-------+-------+----------------------
